 Dungeon Crawl Stone Soup version 0.27.1-2-g3b301248ec (webtiles) character file.

Game seed: 11558739497152478098

197 boopmooplesden the Covered (level 5, -1/47 HPs)
             Began as a Minotaur Fighter on Sept 22, 2021.
             Killed by divine providence
             ... invoked by an orc priest
              (15 damage)
             ... on level 3 of the Dungeon.
             The game lasted 00:02:59 (1873 turns).

boopmooplesden the Covered (Minotaur Fighter)       Turns: 1873, Time: 00:03:00

Health: -1/47      AC:  9    Str: 22    XL:     5   Next: 46%
Magic:  4/4        EV:  7    Int:  5    God:
Gold:   57         SH:  9    Dex:  9    Spells: 4/4 levels left

rFire    . . .     SeeInvis .   a - +0 war axe
rCold    . . .     Faith    .   c - +0 kite shield
rNeg     . . .     Spirit   .   b - +0 scale mail
rPois    .         Reflect  .   i - +0 hat
rElec    .         Harm     .   (no cloak)
rCorr    .         Rampage  .   j - +1 pair of gloves
Will     .....                  (no boots)
Stlth    ..........             (no amulet)
HPRegen  0.15/turn              (no ring)
MPRegen  0.09/turn              (no ring)

@: no status effects
A: horns 2, retaliatory headbutt
a: no special abilities


You were on level 3 of the Dungeon.
You visited 1 branch of the dungeon, and saw 3 of its levels.

You collected 57 gold pieces.

Inventory:

Hand Weapons
 a - a +0 war axe (weapon)
Armour
 b - a +0 scale mail (worn)
 c - a +0 kite shield (worn)
 i - a +0 hat (worn)
 j - a +1 pair of gloves (worn)
Scrolls
 g - a scroll of blinking {unknown}
 k - 2 scrolls of identify {unknown}
Potions
 d - a potion of might
 e - a potion of curing {unknown}
 f - a potion of degeneration {unknown}
 h - a potion of brilliance {unknown}


   Skills:
 + Level 4.3 Fighting
 + Level 4.6 Axes
 + Level 4.8 Armour
 + Level 0.4 Dodging
 + Level 4.8 Shields


You had 4 spell levels left.
You didn't know any spells.
Your spell library contained the following spells:

 Spells                   Type           Power      Damage    Failure   Level
 Pain                     Necr           0%         1d4       99%         1
 Agony                    Necr           0%         N/A       100%        5
 Excruciating Wounds      Necr           0%         N/A       100%        5


Dungeon Overview and Level Annotations

Branches:
Dungeon (3/15)

Altars:

Shops:
D:1 !?=(


Innate Abilities, Weirdness & Mutations

You have a pair of horns on your head.
You reflexively headbutt those who attack you in melee.


Message History

The orc priest looks braver for a moment.
You slash the orc wizard!
The orc wizard is almost dead.
The orc wizard hits you but does no damage.
The orc wizard gestures wildly while chanting.
The orc wizard flickers and vanishes!
Deactivating autopickup; reactivate with Ctrl-A.
You barely miss something.
You hear some strange, mumbled words.
A magic dart appears from out of thin air!
The magic dart hits you!
Your shield and scale mail prevent you from hitting something.
Something hits you but does no damage.
You miss something. Something hits you.
You hear some strange, mumbled words.
A magic dart appears from out of thin air!
The magic dart hits you.
The orc priest invokes the aid of Beogh against you.
Beogh smites you!
You slash something!
Reactivating autopickup.
You feel a bit more experienced. The orc completely misses you.
You furiously retaliate!
You headbutt the orc, but do no damage. You slash the orc!
You kill the orc!
You hit the orc priest but do no damage.
Your headbutt misses the orc priest.
The orc priest hits you with a +0 short sword.
The orc priest barely misses you.
You hit the orc priest.
You headbutt the orc priest, but do no damage.
The orc priest is moderately wounded.
The orc priest hits you with a +0 short sword.
* * * LOW HITPOINT WARNING * * *
The orc priest hits you but does no damage.
You hit the orc priest. You headbutt the orc priest.
The orc priest is almost dead.
The orc priest calls down the wrath of Beogh upon you.
Beogh smites you!
You die...

...............#
#..##
###.####.....#.#.#
.#..# #.#
#>.........
#....## ##.##
#.#.###### ..#...#
##...###.#.#
.#.#.#
.........#.# o....
##...#####.# ...#
###.##
#.########..#
....#
#......@o...#
#####
##########.#(..# #
.# ## # ## # # #


You could see an orc priest.

Vanquished Creatures
  Terence (D:2)
  Natasha (thrice) (D:2)
  An orc wizard (D:3)
  3 worms (D:2)
  2 dart slugs
  2 orcs (D:3)
  4 ball pythons
  4 endoplasms
  A giant cockroach (D:2)
  5 goblins
  2 hobgoblins
  8 jackals
  3 quokkas
  8 bats
  2 frilled lizards (D:1)
  7 kobolds
  2 rats
58 creatures vanquished.

Notes
Turn   | Place    | Note
-------+----------+-------------------------------------------
     0 | D:1      | boopmooplesden the Minotaur Fighter began the quest for the
                  | Orb.
     0 | D:1      | Reached XP level 1. HP: 19/19 MP: 0/0
    20 | D:1      | Found Xetets's Jewellery Emporium.
    26 | D:1      | Found Ohurgh's Magic Scroll Shop.
    44 | D:1      | Found Veylanul's Distillery.
    90 | D:1      | Reached XP level 2. HP: 26/27 MP: 1/1
   187 | D:1      | Found Boytek's Weapon Emporium.
   422 | D:1      | Found a faded altar of an unknown god.
   454 | D:1      | Reached XP level 3. HP: 33/33 MP: 2/2
   668 | D:2      | Noticed Terence
   675 | D:2      | Killed Terence
   823 | D:2      | Reached XP level 4. HP: 31/40 MP: 3/3
  1188 | D:2      | Noticed Natasha
  1196 | D:2      | Killed Natasha
  1404 | D:2      | Noticed Natasha
  1408 | D:2      | Killed Natasha
  1474 | D:2      | Reached XP level 5. HP: 47/47 MP: 4/4
  1583 | D:2      | Noticed Natasha
  1588 | D:2      | Killed Natasha
  1873 | D:3      | Killed from afar by an orc priest

Illustrated notes

Levels and vault maps discovered:
D:1:      minmay_arrival_open_corners, layout_rooms,
          shapermc_ecumenical_altar_mp_highgroup, serial_shops, shop,
          shop_fountains, nicolae_shop_competitors_out_of_business,
          shop_fountains, minmay_shallow_snake_nest
D:2:      layout_basic, corexii_shack, uniq_natasha, uniq_terence
D:3:      layout_loops_ring

Skill      XL: |  1  2  3  4 |
---------------+-------------+-----
Armour         | 4 |  4.8
Fighting       | 4 |  4.3
Shields        | 4 |  4.8
Axes           | 3 4 |  4.6
Dodging        | |  0.4

Action                   |  1- 3 |  4- 6 || total
-------------------------+-------+-------++-------
Melee: War axe           |    67 |    59 ||   126
       Headbutt          |    14 |    11 ||    25
Armor: Scale mail        |    24 |    25 ||    49
Dodge: Dodged            |    30 |    21 ||    51
Block: Kite shield       |    46 |    33 ||    79
